 Dungeon Crawl Stone Soup version 0.28-a0-612-gcfc00ec14d (webtiles) character file.

Game seed: 16108536627122619268

2510 bearlyready the Chopper (level 9, -2/74 HPs)
             Began as a Gnoll Cinder Acolyte on Oct 5, 2021.
             Was an Elder of Ignis.
             Shot with a sling bullet by Joseph (8 damage)
             ... on level 7 of the Dungeon.
             The game lasted 00:13:22 (8705 turns).

bearlyready the Chopper (Gnoll Cinder Acolyte)      Turns: 8705, Time: 00:13:23

Health: -2/74      AC:  9    Str: 17    XL:     9   Next: 53%
Magic:  7/16       EV: 13    Int: 13    God:    Ignis [****..]
Gold:   283        SH:  8    Dex:  8    Spells: 16/18 levels left

rFire   + . .      SeeInvis .   p - +1 dagger (drain)
rCold   . . .      Faith    .   w - +0 kite shield
rNeg    . . .      Spirit   .   d - +0 ring mail
rPois   .          Reflect  .   (no helmet)
rElec   .          Harm     .   (no cloak)
rCorr   .          Rampage  .   (no gloves)
Will    .....                   (no boots)
Stlth   ++........              E - amulet of regeneration
HPRegen 1.22/turn               F - +4 ring of evasion
MPRegen 0.15/turn               m - +4 ring of protection

@: no status effects
A: fangs 1, strong nose, distributed training
a: Renounce Religion, Sea of Fire, Foxfire Swarm, Rising Flame


You were on level 7 of the Dungeon.
You worshipped Ignis.
Ignis was greatly pleased with you.
You visited 1 branch of the dungeon, and saw 8 of its levels.

You collected 283 gold pieces.

Inventory:

Hand Weapons
 a - a -1 hand axe of flaming
 p - a +1 dagger of draining (weapon)
 y - a +2 halberd of venom
 B - a +0 morningstar
 D - a +0 vampiric dagger
 H - a +3 morningstar
Missiles
 g - 134 stones (quivered)
 h - 58 sling bullets
 v - 6 boomerangs
Armour
 b - a +0 robe
 d - a +0 ring mail (worn)
 w - a +0 kite shield (worn)
 C - the +1 robe of Luohown {Rampage +Blink Int+2}
   (You found it on level 6 of the Dungeon)

   Int:       It affects your intelligence (+2).
   +Blink:    It lets you blink.
   Rampage:   It bestows one free step when moving towards enemies.
Magical Staves
 j - a staff of fire
Jewellery
 m - a +4 ring of protection (right hand)
 E - an amulet of regeneration (around neck)
 F - a +4 ring of evasion (left hand)
Scrolls
 c - 2 scrolls of teleportation
 e - a scroll of fog {unknown}
 i - 2 scrolls of summoning
 o - a scroll of acquirement {unknown}
 q - 2 scrolls of identify
 r - a scroll of holy word {unknown}
 s - a scroll of enchant armour {unknown}
 t - a scroll of amnesia {unknown}
 u - a scroll of blinking {unknown}
 z - 2 scrolls of vulnerability {unknown}
 A - 3 scrolls of fear
Potions
 f - 3 potions of attraction
 k - a potion of degeneration
 l - a potion of mutation
 n - 5 potions of curing
 x - a potion of brilliance {unknown}
 G - a potion of lignification


   Skills:
 + Level 7.9 Fighting
 + Level 4.3 Short Blades
 + Level 4.3 Long Blades
 + Level 7.9 Axes
 + Level 4.3 Maces & Flails
 + Level 4.3 Polearms
 + Level 4.3 Staves
 + Level 4.3 Slings
 + Level 4.3 Bows
 + Level 4.3 Crossbows
 + Level 4.3 Throwing
 + Level 4.3 Armour
 + Level 4.3 Dodging
 + Level 4.3 Stealth
 + Level 4.3 Shields
 + Level 4.3 Unarmed Combat
 + Level 5.2 Spellcasting
 + Level 3.5 Conjurations
 + Level 3.5 Hexes
 + Level 3.5 Summonings
 + Level 3.5 Necromancy
 + Level 3.5 Translocations
 + Level 3.5 Transmutations
 + Level 6.6 Fire Magic
 + Level 3.5 Ice Magic
 + Level 3.5 Air Magic
 + Level 3.5 Earth Magic
 + Level 3.5 Poison Magic
 + Level 4.8 Invocations
 + Level 4.3 Evocations


You had 16 spell levels left.
You knew the following spells:

 Your Spells              Type           Power      Damage    Failure   Level
a - Scorch                Fire           40%        2d7       13%         2

Your spell library contained the following spells:

 Spells                   Type           Power      Damage    Failure   Level
 Flame Wave               Conj/Fire      16%        3d5       83%         4
 Animate Dead             Necr           6%         N/A       96%         4
 Borgnjor's Vile Clutch   Necr/Erth      6%         N/A       100%        5
 Death Channel            Necr           6%         N/A       100%        6
 Summon Cactus Giant      Summ           6%         N/A       100%        6


Dungeon Overview and Level Annotations

Branches:
Dungeon (8/15)             Temple (0/1) D:6
   Lair: D:8-11

Altars:
Ashenzari
Dithmenos
Fedhas
Gozag
Hepliaklqana
Nemelex Xobeh
Qazlal

Annotations:
D:7 1 runed translucent door, Crazy Yiuf, Joseph
D:8 Harold


Innate Abilities, Weirdness & Mutations

You have very sharp teeth.
Your uncanny sense of smell can sniff out nearby items.
Your experience applies equally to all skills.


Message History

Casting: Scorch (safe; 13% risk of failure)
Confirm with . or Enter, or press ? or * to list all spells.
Flames lash the wight.
The wight is moderately damaged.
The wight's fire resistance burns away.
You block the wyvern skeleton's attack. Joseph hits you but does no damage.
Casting: Scorch (safe; 13% risk of failure)
Confirm with . or Enter, or press ? or * to list all spells.
Flames lash the wyvern skeleton.
The wyvern skeleton is severely damaged.
The wyvern skeleton's fire resistance burns away.
The wyvern skeleton misses you. The wight barely misses you.
Joseph hits you with a +0 quarterstaff. You block the wyvern skeleton's attack.
Joseph unwields a +0 quarterstaff.
Joseph wields a +6 hunting sling.
Joseph shoots a sling bullet.
The sling bullet hits you! The wight barely misses you.
The wight is no longer more vulnerable to fire.
The wyvern skeleton is no longer more vulnerable to fire.
Casting: Scorch (safe; 13% risk of failure)
Confirm with . or Enter, or press ? or * to list all spells.
Flames lash the wyvern skeleton.
The wyvern skeleton is severely damaged.
The wyvern skeleton's fire resistance burns away.
The wight zaps a wand.
The mass of ice explodes!
The iceblast engulfs you!
* * * LOW HITPOINT WARNING * * *
Casting: Scorch (safe; 13% risk of failure)
Confirm with . or Enter, or press ? or * to list all spells.
Flames lash the wight.
The wight is moderately damaged.
The wight's fire resistance burns away.
Casting: Scorch (safe; 13% risk of failure)
Confirm with . or Enter, or press ? or * to list all spells.
Flames lash the wyvern skeleton.
The wyvern skeleton is burned terribly!
You destroy the wyvern skeleton!
The wight zaps a wand.
The mass of ice explodes!
The iceblast engulfs you!
* * * LOW HITPOINT WARNING * * *
The iceblast engulfs the wight!
The wight partially resists.
The wight is destroyed!
Joseph shoots a sling bullet.
The sling bullet hits you!
You die...

########.##.##[# ..†.....>......#
### ########........ .!. #
#.#####.# #.#.# #.# #.# #.#.# #.#
#.# ###.#.# #># #.# #.....##
#.#####.####......####
#####........@)@.........#
#.......##.#.###......##.#
#.########.#.# #.........# #.#
#.#.#######.#.... #.#
#...##...##.#.#.#
####.########...#.###.#.#.#.#
....).............# #.#...#.#####
###.#########.....###...........#
....# ########...................


You could see Joseph (drained).

Vanquished Creatures
  Grinder (D:6)
  Menkaure (D:7)
  An orc warrior (D:7)
  2 necrophages
  A sky beast (D:4)
  A black bear (D:5)
  4 centaurs
  2 ogres (D:5)
  6 scorpions
  A wyvern skeleton (D:7)
  5 killer bees (D:7)
  2 wights (D:7)
  A bullfrog zombie (D:6)
  A jelly (D:3)
  3 hounds
  A gnoll shaman (D:6)
  An orc priest (D:6)
  A bullfrog skeleton (D:6)
  A centaur skeleton (D:6)
  An iguana (D:7)
  An orc wizard (D:6)
  Natasha (thrice) (D:2)
  9 gnolls
  5 adders
  A shadow imp (D:5)
  An adder skeleton (D:4)
  A worm (D:2)
  13 orcs
  10 endoplasms
  3 giant cockroaches
  5 goblins
  5 hobgoblins
  2 jackals (D:2)
  4 quokkas
  4 ball pythons
  10 bats
  3 frilled lizards
  9 kobolds
  10 rats
136 creatures vanquished.

Vanquished Creatures (others)
  A wight (D:7)
  An orc wizard (D:6)
  2 orcs (D:6)
  77 foxfires
  A fungus (D:1)
  2 plants (D:1)
84 creatures vanquished.

Grand Total: 220 creatures vanquished

Notes
Turn   | Place    | Note
-------+----------+-------------------------------------------
     0 | D:1      | bearlyready the Gnoll Cinder Acolyte began the quest for
                  | the Orb.
     0 | D:1      | Reached XP level 1. HP: 23/23 MP: 4/4
   553 | D:1      | Reached XP level 2. HP: 24/29 MP: 5/5
   867 | D:1      | Found a faded altar of an unknown god.
  1453 | D:2      | Noticed Natasha
  1458 | D:2      | Killed Natasha
  1459 | D:2      | Reached skill level 1 in Invocations
  1459 | D:2      | Reached XP level 3. HP: 35/35 MP: 7/7
  1596 | D:2      | Noticed Natasha
  1601 | D:2      | Killed Natasha
  1602 | D:2      | Reached skill level 1 in Short Blades
  1602 | D:2      | Reached skill level 1 in Long Blades
  1602 | D:2      | Reached skill level 1 in Maces & Flails
  1602 | D:2      | Reached skill level 1 in Polearms
  1602 | D:2      | Reached skill level 1 in Staves
  1602 | D:2      | Reached skill level 1 in Slings
  1602 | D:2      | Reached skill level 1 in Bows
  1602 | D:2      | Reached skill level 1 in Crossbows
  1602 | D:2      | Reached skill level 1 in Throwing
  1602 | D:2      | Reached skill level 1 in Armour
  1602 | D:2      | Reached skill level 1 in Dodging
  1602 | D:2      | Reached skill level 1 in Stealth
  1602 | D:2      | Reached skill level 1 in Shields
  1602 | D:2      | Reached skill level 1 in Unarmed Combat
  1602 | D:2      | Reached skill level 1 in Evocations
  1602 | D:2      | Reached XP level 4. HP: 26/41 MP: 8/8
  1975 | D:2      | Reached skill level 1 in Conjurations
  1975 | D:2      | Reached skill level 1 in Hexes
  1975 | D:2      | Reached skill level 1 in Summonings
  1975 | D:2      | Reached skill level 1 in Necromancy
  1975 | D:2      | Reached skill level 1 in Translocations
  1975 | D:2      | Reached skill level 1 in Transmutations
  1975 | D:2      | Reached skill level 1 in Ice Magic
  1975 | D:2      | Reached skill level 1 in Air Magic
  1975 | D:2      | Reached skill level 1 in Earth Magic
  1975 | D:2      | Reached skill level 1 in Poison Magic
  1975 | D:2      | Found a blossoming altar of Fedhas.
  2063 | D:2      | Noticed Natasha
  2073 | D:2      | Killed Natasha
  2074 | D:2      | Reached XP level 5. HP: 32/47 MP: 9/9
  2929 | D:3      | Found a stormy altar of Qazlal.
  3332 | D:3      | Reached XP level 6. HP: 47/53 MP: 9/11
  3366 | D:3      | Found a broken altar of Ashenzari.
  3508 | D:3      | Found a blossoming altar of Fedhas.
  4074 | D:4      | Noticed a necrophage
  4091 | D:4      | Killed a necrophage
  4092 | D:4      | Reached XP level 7. HP: 59/59 MP: 12/12
  4129 | D:4      | Learned a level 2 spell: Scorch
  4811 | D:4      | Found a sparkling altar of Nemelex Xobeh.
  5498 | D:5      | Entered Level 5 of the Dungeon
  5685 | D:5      | Reached XP level 8. HP: 51/67 MP: 14/14
  6848 | D:6      | Found a hazy altar of Hepliaklqana.
  7080 | D:6      | Noticed Grinder
  7091 | D:6      | Killed Grinder
  7098 | D:6      | Reached XP level 9. HP: 57/72 MP: 14/16
  7376 | D:6      | Found a staircase to the Ecumenical Temple.
  7394 | D:6      | Identified the +1 robe of Luohown {Rampage +Blink Int+2}
  7420 | D:6      | Found an opulent altar of Gozag.
  7426 | D:6      | Found a shadowy altar of Dithmenos.
  7945 | D:7      | Reached skill level 5 in Spellcasting
  8281 | D:7      | You fall into a shaft and drop 1 floor!
  8281 | D:8      | Noticed Harold
  8376 | D:7      | Found a runed translucent door.
  8377 | D:7      | Noticed Crazy Yiuf
  8448 | D:7      | Noticed Menkaure
  8455 | D:7      | Killed Menkaure
  8679 | D:7      | Noticed Joseph
  8705 | D:7      | Shot with a sling bullet by Joseph

Illustrated notes

Levels and vault maps discovered:
D:1:      psy_arrival_radial02, layout_loops_cross,
          shapermc_ecumenical_altar_mp_urbaneastern
D:2:      layout_basic, basic_altar, uniq_natasha
D:3:      layout_basic, fedhas_altar_fruit_tree,
          nicolae_qazlal_scattered_showers, evilmike_ruin_ashenzari,
          minmay_fountain_box, nrook_uturn
D:4:      layout_gridville, nemelex_dance_club_becter, minmay_box_of_dots
D:5:      layout_rooms
D:6:      layout_rooms, mainiacjoe_overflow_cross_hatched,
          grunt_dithmenos_smoke, kennysheep_little_box,
          minmay_temple_entry_enclosed_plants, uniq_grinder
D:7:      layout_loops_ring, nicolae_overflow_hidden_temple,
          uniq_crazy_yiuf_cottage, uniq_joseph, uniq_menkaure
D:8:      layout_rooms, lair_entry_dummy, hangedman_decor_riveting, uniq_harold,
          uniq_maggie, uniq_grum

Skill      XL: |  1  2  3  4  5  6  7  8  9 |
---------------+----------------------------+-----
Invocations    | 1 2 3 4 |  4.8
Short Blades   | 1 2 3 4 |  4.3
Long Blades    | 1 2 3 4 |  4.3
Maces & Flails | 1 2 3 4 |  4.3
Polearms       | 1 2 3 4 |  4.3
Staves         | 1 2 3 4 |  4.3
Slings         | 1 2 3 4 |  4.3
Bows           | 1 2 3 4 |  4.3
Crossbows      | 1 2 3 4 |  4.3
Throwing       | 1 2 3 4 |  4.3
Armour         | 1 2 3 4 |  4.3
Dodging        | 1 2 3 4 |  4.3
Stealth        | 1 2 3 4 |  4.3
Shields        | 1 2 3 4 |  4.3
Unarmed Combat | 1 2 3 4 |  4.3
Spellcasting   | 3 4 5 |  5.2
Evocations     | 1 2 3 4 |  4.3
Conjurations   | 1 2 3 |  3.5
Hexes          | 1 2 3 |  3.5
Summonings     | 1 2 3 |  3.5
Necromancy     | 1 2 3 |  3.5
Translocations | 1 2 3 |  3.5
Transmutations | 1 2 3 |  3.5
Ice Magic      | 1 2 3 |  3.5
Air Magic      | 1 2 3 |  3.5
Earth Magic    | 1 2 3 |  3.5
Poison Magic   | 1 2 3 |  3.5
Fighting       | 7 |  7.9
Axes           | 7 |  7.9
Fire Magic     | 6 |  6.6

Action                   |  1- 3 |  4- 6 |  7- 9 || total
-------------------------+-------+-------+-------++-------
Melee: Hand axe          |    66 |    58 |    20 ||   144
       Bite              |     5 |    12 |    40 ||    57
       Dagger            |       |   145 |   467 ||   612
       Punch             |       |     1 |       ||     1
Throw: Stone             |       |     2 |       ||     2
 Cast: Scorch            |       |       |    26 ||    26
Invok: Foxfire Swarm     |     2 |       |     2 ||     4
Evoke: Wand              |       |     3 |    11 ||    14
  Use: Potion            |       |       |     6 ||     6
       Scroll            |       |       |     7 ||     7
 Stab: Paralysed         |       |       |     7 ||     7
       Sleeping          |       |       |     1 ||     1
Armor: Robe              |    10 |       |       ||    10
       Ring mail         |       |    89 |   140 ||   229
       Skin              |       |       |    40 ||    40
Dodge: Dodged            |    39 |   134 |   256 ||   429
Block: Kite shield       |       |       |   237 ||   237

Table legend: (Time is in decaauts)
 A = Elapsed time spent in this place.
 B = Non-inter-level travel time spent in this place.
 C = Inter-level travel time spent in this place.
 D = Time resting spent in this place.
 E = Time spent auto-exploring this place.
 F = Levels seen in this place.
 G = Mean time per level.
                   A        B        C        D        E       F      G
               +--------+--------+--------+--------+--------+-----+--------+
         Total |   8728 |   8504 |    224 |    523 |   6197 |   8 | 1091.0 |
       Dungeon |   8728 |   8504 |    224 |    523 |   6197 |   8 | 1091.0 |
               +--------+--------+--------+--------+--------+-----+--------+

Top non-repeatable levels by time:
     D:4: 2108 daAuts
     D:1: 1427 daAuts
     D:3: 1259 daAuts
     D:5: 1180 daAuts
     D:2: 986 daAuts
     D:7: 940 daAuts
     D:6: 793 daAuts
     D:8: 32 daAuts
